 Dungeon Sprint DCSS version 0.22.1-1-ga44c0e56f4 (webtiles) character file.

1073 MuseOD the Impaler (level 8, -1/78 HPs)
             Began as a Merfolk Berserker on Oct 7, 2018.
             Was a Priest of Trog.
             Slain by a hornet (3 damage)
             ... in the Dungeon (Sprint II: "The Violet Keep of Menkaure").
             The game lasted 00:00:52 (557 turns).

MuseOD the Impaler (Merfolk Berserker)               Turns: 557, Time: 00:00:52

Health: -1/78      AC:  2    Str: 20    XL:     8   Next: 29%
Magic:  8/8        EV: 17    Int:  6    God:    Trog [***...]
Gold:   486        SH:  0    Dex: 13    Spells: 7/7 levels left

rFire    . . .     SeeInvis .   a - +0 spear
rCold    . . .     Gourm    .   (no shield)
rNeg     . . .     Faith    .   b - +0 animal skin
rPois    .         Spirit   .   (no helmet)
rElec    .         Reflect  .   (no cloak)
rCorr    .         Harm     .   (no gloves)
MR       .....     NoTele   +   (no boots)
Stlth    ++........             (no amulet)
HPRegen  0.23/turn              (no ring)
MPRegen  0.11/turn              (no ring)

@: lethally poisoned (-1 -> -24), berserk cooldown, slowed, very slow
A: change form in water, swift swim, stealthy swim
a: Berserk, Trog's Hand, Renounce Religion


You were in the Dungeon.
You worshipped Trog.
Trog was most pleased with you.
You were very hungry.

You visited 1 branch You collected 486 gold pieces.

Inventory:

Hand Weapons
 a - a +0 spear (weapon)
Armour
 b - a +0 animal skin (worn)
Scrolls
 i - a scroll of blinking
Potions
 d - a potion of curing
 e - a potion of heal wounds
 f - a potion of haste
 g - 2 potions of magic
 h - a potion of berserk rage
Comestibles
 c - a ration


   Skills:
 + Level 12.4 Fighting
 + Level 15.0 Polearms
 + Level 4.4 Armour
 + Level 8.7 Dodging
 + Level 1.7 Stealth


You had 7 spell levels left.
You didn't know any spells.
Your spell library was empty.

Dungeon Overview and Level Annotations

Branches:
Dungeon (1/1)

Altars:
Dithmenos
Elyvilon
Fedhas
Gozag
Kikubaaqudgha
Makhleb
Nemelex Xobeh
Okawaru
Qazlal
Ru
Sif Muna
Trog
Uskayaw
Vehumet
Wu Jian
Xom
Yredelemnul
Zin
The Shining One
Jiyva
Lugonu


Message History

You feel sick. The hornet completely misses you.
You puncture the hornet!
The hornet is severely wounded.
You feel sick. The hornet stings you!
* * * LOW HITPOINT WARNING * * *
You are lethally poisoned!
You feel as though you will be slow longer.
The yaktaur hits you!
* * * LOW HITPOINT WARNING * * *
You are no longer berserk.
You are exhausted.
You feel as though you will be slow longer.
* * * LOW HITPOINT WARNING * * *
You feel sick. The hornet closely misses you.
You barely miss the hornet.
The hornet is severely wounded.
The walls and floor vibrate strangely for a moment.
* * * LOW HITPOINT WARNING * * *
You feel sick. The hornet stings you.
You die...

## #. .##.#### +.### ww
...# ...#### #. ###..##
#..##$# +###.##..#
+..#..# .##...#..#
#..#.c#
<.÷.##'..####^^##y# ?
.##...#..§.###..@##▓▓▓▓
'###.##.....§§≈≈≈≈≈≈≈≈≈≈
).####≈≈.....≈#+########
#..#≈≈≈≈≈≈≈..≈#..._._._#
.##≈≈≈≈≈§≈≈.≈#_._._._.#
##≈≈≈≈§≈≈≈≈≈≈#._._._._#
≈≈≈≈≈§≈≈§≈≈≈≈#_._._._.#
+++#≈≈≈≈≈≈≈§≈#._._._..#
##§≈§###≈≈#_._._...


You could see a yaktaur and a hornet.

Vanquished Creatures
  A merfolk siren (D)
  2 polar bears (D)
  4 necrophages (D)
7 creatures vanquished.

Vanquished Creatures (others)
  A crocodile (D)
1 creature vanquished.

Grand Total: 8 creatures vanquished

Notes
Turn   | Place    | Note
-------+----------+-------------------------------------------
     0 | D        | MuseOD the Merfolk Berserker began the quest for the Orb.
     0 | D        | Reached XP level 1. HP: 18/18 MP: 1/1
     4 | D        | Noticed a necrophage
     4 | D        | Noticed a necrophage
     4 | D        | Noticed a necrophage
     4 | D        | Noticed a necrophage
    10 | D        | Killed a necrophage
    10 | D        | Reached skill level 8 in Polearms
    10 | D        | Reached XP level 2. HP: 29/29 MP: 2/2
    10 | D        | Reached XP level 3. HP: 35/35 MP: 3/3
    10 | D        | Reached XP level 4. HP: 41/41 MP: 4/4
    19 | D        | Killed a necrophage
    19 | D        | Reached skill level 10 in Polearms
    19 | D        | Reached skill level 5 in Dodging
    19 | D        | Reached XP level 5. HP: 49/49 MP: 5/5
    24 | D        | Killed a necrophage
    24 | D        | Reached ** piety under Trog
    24 | D        | Reached skill level 11 in Polearms
    24 | D        | Reached XP level 6. HP: 58/58 MP: 6/6
    28 | D        | Killed a necrophage
    28 | D        | Reached skill level 12 in Polearms
   168 | D        | Noticed a tyrant leech
   168 | D        | Noticed a tyrant leech
   171 | D        | Noticed a merfolk siren
   184 | D        | Killed a merfolk siren
   184 | D        | Reached skill level 14 in Polearms
   184 | D        | Reached XP level 7. HP: 25/68 MP: 7/7
   415 | D        | Found an ornate altar of the Wu Jian Council.
   415 | D        | Found a stormy altar of Qazlal.
   415 | D        | Found a glowing golden altar of the Shining One.
   416 | D        | Found a shimmering altar of Xom.
   416 | D        | Found a sacrificial altar of Ru.
   417 | D        | Found a basalt altar of Yredelemnul.
   417 | D        | Found a deep blue altar of Sif Muna.
   417 | D        | Found a viscous altar of Jiyva.
   418 | D        | Found a glowing silver altar of Zin.
   418 | D        | Found a bloodstained altar of Trog.
   418 | D        | Found an ancient bone altar of Kikubaaqudgha.
   419 | D        | Found a hide-covered altar of Uskayaw.
   419 | D        | Found a corrupted altar of Lugonu.
   419 | D        | Found a shadowy altar of Dithmenos.
   420 | D        | Found a radiant altar of Vehumet.
   420 | D        | Found a burning altar of Makhleb.
   420 | D        | Found a white marble altar of Elyvilon.
   421 | D        | Found a sparkling altar of Nemelex Xobeh.
   421 | D        | Found a blossoming altar of Fedhas.
   465 | D        | Found an iron altar of Okawaru.
   465 | D        | Found an opulent altar of Gozag.
   513 | D        | Noticed a polar bear
   527 | D        | Noticed a yaktaur
   527 | D        | Noticed a hornet
   527 | D        | Noticed a polar bear
   537 | D        | Killed a polar bear
   537 | D        | Reached *** piety under Trog
   537 | D        | Reached skill level 1 in Stealth
   537 | D        | Reached XP level 8. HP: 76/76 MP: 8/8
   544 | D        | Noticed a polar bear
   547 | D        | Killed a polar bear
   547 | D        | Reached skill level 15 in Polearms
   557 | D        | HP: 2/78 [poisoned by a hornet]
   557 | D        | Slain by a hornet

Skill      XL: |  1  2  3  4  5  6  7  8 |
---------------+-------------------------+-----
Fighting       | 6 8 9 11 12 | 12.4
Polearms       | 8 10 11 14 15 | 15.0
Armour         | 2 3 4 |  4.4
Dodging        | 4 5 7 8 |  8.7
Stealth        | 1 |  1.7

Action                   |  1- 3 |  4- 6 |  7- 9 || total
-------------------------+-------+-------+-------++-------
Melee: Spear             |     5 |    29 |    27 ||    61
Invok: Berserk           |     1 |     1 |     1 ||     3
Dodge: Dodged            |     1 |     2 |    17 ||    20
